 Dungeon Crawl Stone Soup version 0.30-a0-956-gcec3b41aec (webtiles) character file.

Game seed: 13690402136203936869

258 howech the Twirler (level 5, -1/46 HPs)
             Began as a Minotaur Gladiator on Mar 29, 2023.
             Slain by Menkaure (20 damage)
             ... on level 4 of the Dungeon.
             The game lasted 00:10:46 (3324 turns).

howech the Twirler (Minotaur Gladiator)             Turns: 3324, Time: 00:10:47

Health: -1/46      AC:  4    Str: 18    XL:     5   Next: 94%
Magic:  4/4        EV: 13    Int:  7    God:
Gold:   262        SH:  0    Dex: 12    Spells: 4/4 levels left

rFire   . . .      SeeInvis .    a - +0 quarterstaff (vamp)
rCold   . . .      Faith    .    (shield currently unavailable)
rNeg    . . .      Spirit   .    b - +0 leather armour
rPois   .          Reflect  .    c - +0 hat
rElec   .          Rampage  .    (no cloak)
rCorr   .                        i - +0 pair of gloves
Will    .....                    (no boots)
Stlth   +                        (no amulet)
HPRegen 0.27/turn                (no ring)
MPRegen 0.09/turn                (no ring)

@: no status effects
A: horns 2, retaliatory headbutt
a: no special abilities


You were on level 4 of the Dungeon.
You visited 1 branch of the dungeon, and saw 4 of its levels.

You collected 262 gold pieces.

Inventory:

Hand Weapons
 a - a +0 vampiric quarterstaff (weapon)
Missiles
 d - a throwing net (quivered)
 e - a javelin
 f - 4 silver boomerangs
Armour
 b - a +0 leather armour (worn)
 c - a +0 hat (worn)
 i - a +0 pair of gloves (worn)
 q - a +1 ring mail of willpower
Wands
 r - a wand of flame (8)
Scrolls
 o - a scroll of brand weapon
Potions
 g - a potion of ambrosia
 h - a potion of cancellation
 j - 3 potions of berserk rage
 k - 2 potions of magic
 l - a potion of might {unknown}
 m - 2 potions of flight {unknown}
 s - 2 potions of curing {unknown}


   Skills:
 + Level 4.3 Fighting
 + Level 5.1 Staves
 + Level 3.5 Throwing
 + Level 4.5 Dodging


You had 4 spell levels left.
You didn't know any spells.
Your spell library was empty.

Dungeon Overview and Level Annotations

Branches:
Dungeon (4/15)
 Temple: D:4-7

Altars:
Trog
Vehumet
Zin

Shops:
D:3 *

Annotations:
D:4 Menkaure


Innate Abilities, Weirdness & Mutations

You have a pair of horns on your head.
You reflexively headbutt those who attack you in melee.


Message History

The adder moves out of view.
You see here a ball python corpse.
You start waiting.
Menkaure is nearby!
Menkaure mumbles some strange words.
Menkaure seems to speed up.
There is a stone staircase leading up here.
Menkaure giggles, "These cerements are ticklish..."
Menkaure points at you and mumbles some strange words.
Pain shoots through your body!
Throw: 3 throwing nets
Press: ? - help, Q - select action, (/) - cycle Shift-Dir - straight line, f - Menkaure
Aim: Menkaure (fast, 75% to hit)
You throw a throwing net.
The throwing net completely misses Menkaure.
Menkaure barely misses you.
Throw: 2 throwing nets
Press: ? - help, Q - select action, (/) - cycle Shift-Dir - straight line, f/p - Menkaure
Aim: Menkaure (fast, 75% to hit)
You throw a throwing net. The throwing net hits Menkaure.
Menkaure is caught in the net!
Menkaure struggles against the net.
You hit Menkaure.
Menkaure is moderately damaged.
Menkaure struggles against the net.
You hit Menkaure but do no damage.
Menkaure is moderately damaged.
Menkaure calls on the powers of darkness!
Your body is wracked with pain!
Menkaure struggles against the net.
You hit Menkaure.
Menkaure is moderately damaged.
Menkaure struggles against the net.
The net rips apart, and Menkaure comes free!
You hit Menkaure. You headbutt Menkaure!
Menkaure is almost destroyed.
Menkaure hits you.
You hit Menkaure. Your headbutt misses Menkaure.
Menkaure is almost destroyed.
Menkaure hits you!!
You die...

.......# .......#........#
.####### .......#........# .#
#####..)#.####### ## ## #...#.#
#. #...#.# #. ###########...#.#
###########. ###.........#...#.#
#........... #.'.............#.#
#........#..
#.#............@#.###.......###.
#.##########...#M...........# #.
#.###########...............###.
#.................(...†.....##..
#####################..^....###.
#.......# #† ###.##### #. #.# ##
#.#


You could see Menkaure (fast).

Vanquished Creatures
  An iguana (D:4)
  An orc wizard (D:3)
  7 adders
  4 gnolls (D:3)
  4 worms
  6 dart slugs
  6 orcs
  6 endoplasms
  4 giant cockroaches
  A goblin (D:3)
  9 hobgoblins
  5 jackals
  3 quokkas
  5 ball pythons
  5 bats
  3 frilled lizards
  7 kobolds
  4 rats
81 creatures vanquished.

Notes
Turn   | Place    | Note
-------+----------+-------------------------------------------
     0 | D:1      | howech the Minotaur Gladiator began the quest for the Orb.
     0 | D:1      | Reached XP level 1. HP: 18/18 MP: 0/0
   228 | D:1      | Reached XP level 2. HP: 23/25 MP: 1/1
   484 | D:1      | Reached skill level 4 in Staves
   892 | D:2      | Reached XP level 3. HP: 31/31 MP: 2/2
  1536 | D:2      | Reached XP level 4. HP: 38/38 MP: 3/3
  1875 | D:3      | Found a faded altar of an unknown god.
  2117 | D:3      | Found Zin's Purification Station.
  2134 | D:3      | Found a glowing silver altar of Zin.
  2240 | D:3      | Reached XP level 5. HP: 34/46 MP: 4/4
  2372 | D:3      | Found a bloodstained altar of Trog.
  2724 | D:3      | Reached skill level 5 in Staves
  3140 | D:4      | Found a radiant altar of Vehumet.
  3281 | D:4      | Noticed Menkaure
  3324 | D:4      | Slain by Menkaure

Illustrated notes

Levels and vault maps discovered:
D:1:      dpeg_arrival_radiant, layout_basic, minmay_misc_feat_ornament,
          eino_curves_02, minmay_misc_feat_alley
D:2:      layout_basic, nrook_mini_vaults, minmay_misc_feat_roman,
          grunt_ministairs_3, hex_large, serial_park_tiny_2, minmay_pentomino_s2
D:3:      kennysheep_six_static_rooms, layout_basic,
          mainiacjoe_overflow_catwalk, zin_purify,
          hellmonk_ecumenical_altar_dog_temple
D:4:      layout_basic, vehumet_crystals, minmay_temple_entry_glass,
          hex_intersection, uniq_menkaure

Skill      XL: |  1  2  3  4  5 |
---------------+----------------+-----
Staves         | 4 5 |  5.1
Fighting       | 3 4 |  4.3
Dodging        | 4 |  4.5
Throwing       | 3 |  3.5

Action                     |  1- 3 |  4- 6 || total
---------------------------+-------+-------++-------
  Melee: Quarterstaff      |    75 |   107 ||   182
         Headbutt          |    14 |    14 ||    28
  Throw: Throwing net      |       |     3 ||     3
    Use: Scroll            |     5 |     8 ||    13
   Stab: Sleeping          |       |     1 ||     1
 Armour: Leather armour    |    30 |    21 ||    51
  Dodge: Dodged            |    39 |    55 ||    94

Table legend: (Time is in decaauts)
 A = Elapsed time spent in this place.
 B = Non-inter-level travel time spent in this place.
 C = Inter-level travel time spent in this place.
 D = Time resting spent in this place.
 E = Time spent auto-exploring this place.
 F = Levels seen in this place.
 G = Mean time per level.
                   A        B        C        D        E       F      G
               +--------+--------+--------+--------+--------+-----+--------+
         Total |   3337 |   3296 |     41 |    284 |   2303 |   4 |  834.2 |
       Dungeon |   3337 |   3296 |     41 |    284 |   2303 |   4 |  834.2 |
               +--------+--------+--------+--------+--------+-----+--------+

Top non-repeatable levels by time:
     D:3: 1154 daAuts
     D:2: 967 daAuts
     D:1: 891 daAuts
     D:4: 324 daAuts
